 Dungeon Crawl Stone Soup version 0.19.1 (webtiles) character file.

844 Gargoyl the Distorting Demonspawn (level 7, -1/54 HPs)
             Began as a Demonspawn Abyssal Knight on Nov 29, 2016.
             Was a Believer of Lugonu.
             Slain by a phantom (3 damage)
             ... on level 4 of the Dungeon.
             The game lasted 00:13:03 (5923 turns).

Gargoyl the Distorting Demonspawn (DsAK)            Turns: 5923, Time: 00:13:03

Health: -1/54      AC: 14    Str: 17    XL:     7   Next: 68%
Magic:  11/11      EV:  7    Int: 13    God:    Lugonu [**....]
Gold:   312        SH:  0    Dex: 12    Spells: 0 memorised, 6 levels left

rFire  + + +     SeeInvis .     i - +1 broad axe
rCold  + . .     Gourm    .     C - +2 chain mail {rF+}
rNeg   . . .     Faith    .     (no shield)
rPois  +         Spirit   .     (no helmet)
rElec  +         Reflect  .     (no cloak)
rCorr  +         Harm     .     l - +0 pair of gloves
MR     .....                    (no boots)
Stlth  ..........               (no amulet)
                                E - ring of protection from fire
                                n - ring of poison resistance

@: resistant, very slightly contaminated
A: hooves 1, icy blue scales 1, strong 1, rot immunity
a: Depart the Abyss, Bend Space, Renounce Religion


You were on level 4 of the Dungeon.
You worshipped Lugonu.
Lugonu was pleased with you.
You were not hungry.

You visited 1 branch of the dungeon, and saw 4 of its levels.
You visited the Abyss 1 time.
You also visited: Sewer.

You collected 312 gold pieces.

Inventory:

Hand Weapons
 g - a +0 war axe
 i - a +1 broad axe (weapon)
 p - a +1 spear of flaming
Missiles
 w - 3 tomahawks (quivered)
Armour
 l - a +0 pair of gloves (worn)
 C - a +2 chain mail of fire resistance (worn)
Jewellery
 n - a ring of poison resistance (left hand)
 E - a ring of protection from fire (right hand)
Wands
 x - a wand of random effects (12/48)
 F - a wand of disintegration (13/24)
Scrolls
 b - a scroll of fear
 j - 3 scrolls of remove curse
 q - 3 scrolls of blinking
 A - a scroll of magic mapping
 D - 2 scrolls of identify
Potions
 e - a potion of resistance
 k - a potion of flight
 r - 4 potions of brilliance
 z - a potion of mutation
 B - a potion of berserk rage {unknown}
Books
 o - a book of Frost

   Spells                             Type                      Level
   a - Freeze                         Ice                          1
   b - Throw Frost                    Conjuration/Ice              2
   c - Ozocubu's Armour               Charms/Ice                   3
   d - Throw Icicle                   Conjuration/Ice              4
   e - Summon Ice Beast               Ice/Summoning                4
 s - a book of Maledictions

   Spells                             Type                      Level
   a - Corona                         Hexes                        1
   b - Ensorcelled Hibernation        Hexes/Ice                    2
   c - Confuse                        Hexes                        3
   d - Tukima's Dance                 Hexes                        3
   e - Dazzling Spray                 Conjuration/Hexes            3
Comestibles
 c - 4 bread rations
 f - 2 chunks of flesh
 h - 2 slices of pizza
 m - 3 meat rations
 v - a beef jerky


   Skills:
 + Level 4.2 Fighting
 + Level 5.3 Axes
 + Level 0.3 Throwing
 * Level 4.1 Armour
 + Level 1.4 Dodging
 * Level 5.5 Invocations


You had 6 spell levels left.
You didn't know any spells.

Dungeon Overview and Level Annotations

Branches:
Dungeon (4/15)
 Temple: D:4-7

Altars:
Hepliaklqana
Nemelex Xobeh
Xom
The Shining One

Shops:
D:4 :


Innate Abilities, Weirdness & Mutations

You have large cloven feet.
You are partially covered in icy blue scales. (AC +2)
You are immune to rotting.
Your muscles are strong. (Str +2)


Message History

Your chain mail prevents you from hitting the ogre.
You kick the ogre, but do no damage.
The ogre is almost dead.
The ogre hits you with a giant spiked club!
* * * LOW HITPOINT WARNING * * *
Unknown command.
It was a potion of resistance.
You feel protected.
The phantom hits you but does no damage.
You hit the ogre but do no damage.
The ogre is almost dead.
You hit the phantom but do no damage. The ogre completely misses you.
The phantom barely misses you.
You hit the ogre.
You kill the ogre!
Lugonu accepts your kill.
You hit the phantom.
The phantom hits you but does no damage.
The phantom hits you.
You die...

*#* ##* ##%## ******###.##
##.#.#######******
,,,,,,,....#####.#.........,,,,,,
********#..(((.).))........,,****
*#.#####@W.....)#***,*
#..).<...#.###.# *,****
#..######.## *,* *,*,,, *#..# ###
*,* *,*,** #.#.# *,* *,*,* ##..#
*,* *,*,* *..# *,* *,*,* #..# *,*
*,*,## #..# *,* *,*,#.


You could see a phantom.

Vanquished Creatures
  Sigmund (D:3)
  2 ogres (D:4)
  A crocodile (Sewer)
  2 howler monkeys
  2 orc priests (D:4)
  Terence (D:2)
  2 orc wizards
  A worker ant (D:4)
  7 adders
  2 worms (D:3)
  2 dart slugs
  4 leopard geckos
  17 orcs
  8 bats
  6 giant cockroaches
  6 goblins
  9 hobgoblins
  14 jackals
  2 quokkas (D:2)
  A ball python (D:2)
  6 frilled lizards
  10 kobolds
  A quokka skeleton (D:4)
  11 rats
  2 plants (D:3)
120 creatures vanquished.

Notes
Turn   | Place    | Note
-------+----------+-------------------------------------------
     0 | Abyss:1  | Gargoyl the Demonspawn Abyssal Knight began the quest for the Orb.
     0 | Abyss:1  | Reached XP level 1. HP: 18/18 MP: 2/2
    21 | Abyss:2  | Noticed an ancient zyme
   102 | Abyss:3  | Noticed an ancient zyme
   119 | Abyss:4  | Noticed a worldbinder
   119 | D:1      | Escaped the Abyss
   651 | D:1      | Gained mutation: You have large cloven feet. [demonic ancestry]
   651 | D:1      | Reached XP level 2. HP: 22/24 MP: 4/4
   910 | D:1      | Reached * piety under Lugonu
  1298 | D:2      | Gained mutation: You are immune to rotting. [demonic ancestry]
  1298 | D:2      | Reached XP level 3. HP: 28/29 MP: 5/5
  1586 | D:2      | Reached skill level 1 in Dodging
  2156 | D:2      | Reached XP level 4. HP: 17/35 MP: 6/6
  2431 | D:2      | Found a glowing golden altar of the Shining One.
  2504 | D:2      | Noticed Terence
  2518 | D:2      | Killed Terence
  3153 | D:3      | Reached XP level 5. HP: 41/41 MP: 7/7
  3179 | D:3      | Noticed Sigmund
  3254 | D:2      | Reached ** piety under Lugonu
  3386 | D:3      | Killed Sigmund
  3386 | D:3      | Reached XP level 6. HP: 16/48 MP: 7/9
  3817 | D:3      | Found a sparkling altar of Nemelex Xobeh.
  4629 | D:4      | Found a hazy altar of Hepliaklqana.
  4630 | D:4      | Found a shimmering altar of Xom.
  4630 | D:4      | Noticed a hell beast
  4631 | D:4      | Noticed a spectral ugly thing
  4631 | D:4      | Noticed a hell beast
  4716 | D:4      | Found a glowing drain.
  4727 | Sewer    | Entered a sewer
  4784 | Sewer    | Gained mutation: You are partially covered in icy blue scales. (AC +2) [demonic ancestry]
  4784 | Sewer    | Reached XP level 7. HP: 9/54 MP: 10/10
  5311 | D:4      | Found Noabb's Book Shop.
  5328 | D:4      | Reached skill level 5 in Invocations
  5503 | D:4      | Reached skill level 5 in Axes
  5706 | D:4      | Gained mutation: Your muscles are strong. (Str +2) [potion of mutation]
  5706 | D:4      | Gained mutation: Scrolls take you a little longer to read. [potion of mutation]
  5706 | D:4      | Lost mutation: Scrolls take you a little longer to read. [potion of mutation]
  5920 | D:4      | HP: 1/54 [ogre/giant spiked club (13)]
  5923 | D:4      | Slain by a phantom

Skill      XL: |  1  2  3  4  5  6  7 |
---------------+----------------------+-----
Axes           | 2 3 4 5 |  5.3
Armour         | 2 3 4 |  4.1
Dodging        | 1 |  1.4
Invocations    | 3 4 5 |  5.5
Fighting       | 4 |  4.2
Throwing       | |  0.3

Action                   |  1- 3 |  4- 6 |  7- 9 || total
-------------------------+-------+-------+-------++-------
Melee: Broad axe         |   159 |   269 |    71 ||   499
       Kick              |    16 |    64 |    23 ||   103
Throw: Tomahawk          |       |       |     6 ||     6
Invok: Depart the Abyss  |     1 |       |       ||     1
  Use: Potion            |     3 |     4 |     4 ||    11
       Scroll            |     3 |     2 |     7 ||    12
  Eat: Chunk             |     4 |     9 |     4 ||    17
Armor: Ring mail         |    35 |       |       ||    35
       Chain mail        |    82 |   225 |    91 ||   398
Dodge: Dodged            |    95 |   137 |    48 ||   280
